 Dungeon Crawl Stone Soup version 0.19.0-11-g3fc08b3 (webtiles) character file.

2543 Bluestream the Cleaver (level 9, -1/85 HPs)
             Began as a Hill Orc Fighter on Nov 9, 2016.
             Was an Initiate of Beogh.
             Slain by an ogre
             ... wielding a +0 giant spiked club
              (13 damage)
             ... on level 6 of the Dungeon.
             The game lasted 00:11:42 (6281 turns).

Bluestream the Cleaver (Hill Orc Fighter)           Turns: 6281, Time: 00:11:42

Health: -1/85      AC: 13    Str: 20 (21) XL:     9   Next: 55%
Magic:  9/9        EV:  5    Int:  6 (8)  God:    Beogh [......]
Gold:   288        SH:  9    Dex: 10 (11) Spells: 0 memorised, 8 levels left

rFire  + . .     SeeInvis .     a - +0 war axe
rCold  . . .     Gourm    .     s - +3 chain mail {rPois}
rNeg   . . .     Faith    .     c - +0 shield
rPois  +         Spirit   .     (no helmet)
rElec  .         Reflect  .     h - +0 cloak
rCorr  .         Harm     .     (no gloves)
MR     .....                    (no boots)
Stlth  ..........               (no amulet)
                                (no ring)
                                r - ring of protection from fire

@: drained
A: no striking features
a: Renounce Religion


You were on level 6 of the Dungeon.
You worshipped Beogh.
Beogh was noncommittal.
You were not hungry.

You visited 1 branch of the dungeon, and saw 6 of its levels.
You also visited: Ossuary.

You collected 288 gold pieces.

Inventory:

Hand Weapons
 a - a +0 war axe (weapon)
 F - a +0 whip of electrocution
Armour
 b - a +0 scale mail
 c - a +0 shield (worn)
 h - a +0 cloak (worn)
 q - a +0 ring mail
 s - a +3 chain mail of poison resistance (worn)
Jewellery
 r - a ring of protection from fire (left hand)
 C - an uncursed amulet of faith {unknown}
Scrolls
 i - a scroll of enchant weapon {unknown}
 j - 8 scrolls of identify {unknown}
 n - 4 scrolls of amnesia {unknown}
 o - a scroll of blinking {unknown}
 u - a scroll of noise {unknown}
 x - 4 scrolls of teleportation {unknown}
 y - 4 scrolls of fear {unknown}
 z - a scroll of magic mapping {unknown}
 E - 2 scrolls of recharging {unknown}
 G - a scroll of remove curse {unknown}
Potions
 d - 4 potions of might
 e - 3 potions of degeneration
 l - 2 potions of brilliance {unknown}
 m - 2 potions of resistance {unknown}
 t - a potion of lignification {unknown}
 v - a potion of agility {unknown}
 w - 3 potions of curing
 B - a potion of invisibility {unknown}
 D - a potion of flight {unknown}
Comestibles
 f - 3 bread rations
 g - 4 meat rations
 k - a royal jelly
 p - a beef jerky
 A - a chunk of flesh


   Skills:
 + Level 9.6 Fighting
 * Level 12.9 Axes
 - Level 3.5 Armour
 - Level 3.4(3.3) Shields


You had 8 spell levels left.
You didn't know any spells.

Dungeon Overview and Level Annotations

Branches:
Dungeon (6/15)
 Temple: D:4-7

Altars:

Shops:
D:4 [   D:5 [   D:6 ?


Message History

The ogre is almost dead.
You slash the worker ant!
The worker ant bites you but does no damage.
The ogre hits you with a giant spiked club!!
* * * LOW HITPOINT WARNING * * *
It was a potion of degeneration.
There was something very wrong with that liquid.
You feel weakened.
You feel dopey.
You feel clumsy. You block the worker ant's attack.
What are your orders? t - Shout!
Orders for allies: a - Attack new target. r - Retreat! s - Stop attacking. g - Guard the area. f - Follow me.
Anything else - Cancel.
Okay, then.
Unknown command.
It was a potion of curing.
You feel better.
The ogre hits you with a giant spiked club!
You die...

. #. ..###.# #
#......#### .
........... #. #....)).
..#.#########. #...##))
............. #...##.#
...#.#Oa...# #...#...
.......@...# #.......
...........# #.......
.........).######.......
...........##.......#...
...#..##.(###.###....###
.. #.. #..(...........#.
# #..........###......#
#..##.####........... #.
#.# #.######..##


You could see an ogre and a worker ant.

Vanquished Creatures
  Pikel (D:4)
  The ghost of nivlat the Skirmisher, a novice DrFi (D:5)
  Edmund (D:5)
  A sky beast (D:6)
  3 slaves (D:5)
  2 ogres
  2 centaurs
  Blork the orc (D:5)
  A wyvern skeleton (D:5)
  4 scorpions
  A howler monkey (D:4)
  2 crimson imps (D:5)
  A quasit (D:6)
  A bullfrog zombie (D:5)
  A jelly (D:5)
  A centaur zombie (D:5)
  Crazy Yiuf (D:2)
  2 orc wizards
  An orc priest (D:6)
  A hound (D:5)
  A bullfrog skeleton (D:5)
  A centaur skeleton (D:4)
  Terence (D:2)
  Natasha (twice) (D:2)
  2 iguanas
  3 worker ants
  3 mummies (Ossuary)
  A worker ant zombie (D:5)
  4 gnolls (D:6)
  8 adders
  An ooze (D:2)
  2 adder zombies (Ossuary)
  An adder skeleton (D:4)
  4 worms
  2 leopard geckos (D:1)
  7 orcs
  9 giant cockroaches
  A gnoll zombie (Ossuary)
  8 goblins
  11 hobgoblins
  2 jackals (D:2)
  4 quokkas
  A ball python (D:1)
  A ball python skeleton (D:5)
  A ball python zombie (D:5)
  5 bats
  9 frilled lizards
  2 goblin zombies (Ossuary)
  2 hobgoblin zombies (Ossuary)
  7 kobolds
  4 kobold zombies (Ossuary)
  4 quokka zombies (Ossuary)
  7 rats
  3 rat zombies (Ossuary)
153 creatures vanquished.

Vanquished Creatures (others)
  A crimson imp (D:4)
  An adder (D:5)
  An orc (D:5)
3 creatures vanquished.

Grand Total: 156 creatures vanquished

Notes
Turn   | Place    | Note
-------+----------+-------------------------------------------
     0 | D:1      | Bluestream the Hill Orc Fighter began the quest for the Orb.
     0 | D:1      | Reached XP level 1. HP: 19/19 MP: 1/1
   193 | D:1      | Reached skill level 3 in Axes
   193 | D:1      | Reached XP level 2. HP: 27/27 MP: 2/2
   437 | D:1      | Reached XP level 3. HP: 33/33 MP: 3/3
   639 | D:2      | Found a runed door.
   643 | D:2      | Noticed Crazy Yiuf
   649 | D:2      | Killed Crazy Yiuf
   649 | D:2      | Reached skill level 4 in Axes
   649 | D:2      | Reached XP level 4. HP: 31/40 MP: 4/4
  1016 | D:2      | Noticed Natasha
  1025 | D:2      | Killed Natasha
  1025 | D:2      | Reached skill level 5 in Axes
  1225 | D:2      | Noticed Terence
  1225 | D:2      | Noticed Natasha
  1236 | D:2      | Killed Terence
  1236 | D:2      | Reached XP level 5. HP: 23/47 MP: 5/5
  1236 | D:2      | Killed Natasha
  1457 | D:2      | Reached skill level 5 in Fighting
  1461 | D:2      | Reached skill level 6 in Axes
  2036 | D:3      | Reached XP level 6. HP: 56/56 MP: 6/6
  2482 | D:4      | You fall through a shaft!
  2482 | D:5      | Entered Level 5 of the Dungeon
  2482 | D:5      | Noticed a slave
  2482 | D:5      | Noticed a slave
  2482 | D:5      | Noticed a slave
  2507 | D:5      | Reached skill level 7 in Axes
  2519 | D:5      | Killed a slave
  2526 | D:5      | Killed a slave
  2549 | D:5      | Killed a slave
  2699 | D:5      | Found a sand-covered staircase.
  2728 | Ossuary  | Entered an ossuary
  3153 | D:5      | Noticed Pikel
  3155 | D:5      | Noticed a slave
  3156 | D:5      | Reached XP level 7. HP: 63/63 MP: 7/7
  3332 | D:4      | Reached skill level 8 in Axes
  3448 | D:4      | Found Toecs's Armour Shop.
  3766 | D:4      | Killed Pikel
  3766 | D:4      | Reached skill level 10 in Axes
  3766 | D:4      | Reached XP level 8. HP: 36/73 MP: 8/8
  3989 | D:5      | Noticed Blork the orc
  4005 | D:5      | Killed Blork the orc
  4204 | D:5      | Reached skill level 11 in Axes
  4233 | D:5      | Found Giuv's Armour Boutique.
  4391 | D:5      | Noticed nivlat's ghost (novice DrFi)
  4804 | D:5      | Killed nivlat's ghost
  4804 | D:5      | Reached XP level 9. HP: 37/82 MP: 9/9
  5303 | D:5      | Reached skill level 12 in Axes
  5465 | D:5      | Became a worshipper of Beogh the Brigand
  5527 | D:5      | Noticed Edmund
  5547 | D:5      | Killed Edmund
  6134 | D:6      | Found Jiffurik's Magic Scroll Boutique.
  6281 | D:6      | Slain by an ogre

Skill      XL: |  1  2  3  4  5  6  7  8  9 |
---------------+----------------------------+-----
Axes           | 3 4 5 6 7 10 11 12 | 12.9
Fighting       | 4 5 6 7 8 9 |  9.6
Armour         | |  3.5
Shields        | |  3.4

Action                   |  1- 3 |  4- 6 |  7- 9 || total
-------------------------+-------+-------+-------++-------
Melee: War axe           |    81 |   264 |   269 ||   614
Invok: Convert to Beogh  |       |       |     1 ||     1
  Use: Potion            |       |     1 |     6 ||     7
  Eat: Chunk             |       |     7 |    11 ||    18
Armor: Scale mail        |    32 |    23 |       ||    55
       Chain mail        |       |    91 |   159 ||   250
Dodge: Dodged            |    33 |    53 |    36 ||   122
Block: Shield            |    48 |   106 |   119 ||   273
